 Dungeon Crawl Stone Soup version 0.26.0-3-g156281e41b (webtiles) character file.

Game seed: 16398630033248072207

338 Mattiprrivan the Chiller (level 6, 0/47 HPs)
             Began as a Demigod Ice Elementalist on Jan 9, 2021.
             Slain by Jessica
             ... wielding a +0 dagger
              (2 damage)
             ... on level 3 of the Dungeon.
             The game lasted 00:26:53 (3744 turns).

Mattiprrivan the Chiller (Demigod Ice Elementalist) Turns: 3744, Time: 00:26:54

Health: 0/47       AC:  3    Str: 15    XL:     6   Next: 7%
Magic:  20/21      EV: 12    Int: 25    God:
Gold:   110        SH:  0    Dex: 16    Spells: 1/9 levels left

rFire    . . .     SeeInvis .   j - +0 scythe (vorpal)
rCold    . . .     Faith    .   (shield currently unavailable)
rNeg     . . .     Spirit   .   d - +0 leather armour
rPois    .         Reflect  .   (no helmet)
rElec    .         Harm     .   (no cloak)
rCorr    .         Rampage  .   (no gloves)
Will     .....                  (no boots)
Stlth    ++........             (no amulet)
HPRegen  0.15/turn              c - +6 ring of intelligence
MPRegen  0.17/turn              h - ring of magical power

@: mighty
A: high mp 1
a: no special abilities


You were on level 3 of the Dungeon.
You visited 1 branch of the dungeon, and saw 3 of its levels.

You collected 110 gold pieces.

Inventory:

Hand Weapons
 b - a +0 hand axe
 e - a +0 halberd
 j - a +0 vorpal scythe (weapon)
Armour
 d - a +0 leather armour (worn)
Jewellery
 c - a +6 ring of intelligence (left hand)
 h - a ring of magical power (right hand)
Scrolls
 i - a scroll of fear
 k - a scroll of identify
 l - 2 scrolls of teleportation
Potions
 f - a potion of invisibility
 g - a potion of haste


   Skills:
 * Level 1.3 Fighting
 * Level 1.6(2.1) Axes
 * Level 1.0(1.5) Maces & Flails
 * Level 1.5(2.0) Polearms
 * Level 0.1(1.2) Staves
 * Level 1.9 Armour
 * Level 2.3 Dodging
 * Level 2.7 Stealth
 * Level 2.3 Spellcasting
 * Level 4.4 Ice Magic


You had one spell level left.
You knew the following spells:

 Your Spells              Type           Power        Failure   Level
a - Freeze                Ice            100%         2%          1
b - Frozen Ramparts       Ice            50%          6%          3
c - Summon Ice Beast      Ice/Summ       14%          47%         4

Your spell library contained the following spells:

 Spells                   Type           Power        Failure   Level
 Ozocubu's Armour         Ice            25%          6%          3
 Hailstorm                Conj/Ice       13%          47%         4


Dungeon Overview and Level Annotations

Branches:
Dungeon (3/15)

Annotations:
D:3 Jessica


Innate Abilities, Weirdness & Mutations

You have an increased reservoir of magic. (+10% MP)


Message History

Jessica mumbles some strange words.
Jessica blinks!
Jessica mumbles some strange words.
Jessica blinks!
Reach: j) +0 scythe (vorpal)
Press: ? - help, Dir - move target, f/p - Jessica
Aim: Jessica, wielding a +0 dagger, wearing a +0 robe and carrying a wand of flame (8) (black smoke, almost dead, fast)
You barely miss Jessica.
Jessica is almost dead.
Jessica misses you.
Jessica zaps a wand.
The puff of flame hits you!
* * * LOW HITPOINT WARNING * * *
Jessica completely misses you.
Reach: j) +0 scythe (vorpal)
Press: ? - help, Dir - move target, f/p - Jessica
Aim: Jessica, wielding a +0 dagger, wearing a +0 robe and carrying a wand of flame (7) (black smoke, almost dead, fast)
You barely miss Jessica.
Jessica is almost dead.
Jessica shouts, "You're disturbing me!
I'll have to kill you!" Jessica hits you with a +0 dagger.
You die...

...........#
......)†...#
#)########+###
#!#..........#
#...(...(....#
##..§.§..§...#
#..§§8.8....#######
#..§§§P§....'......
#.@@§§§.....######.
#..)§§§§....# #.
#.###§§.....# #.
#.....8.#.### #.
##......#.#########
#..8..##..........
######.88.##.#########
#...##.#.###.#
#........# #.#


You could see Jessica (fast).

Vanquished Creatures
  Sigmund (D:2)
  A hound skeleton (D:3)
  Robin (D:2)
  3 gnolls (D:2)
  4 adders
  2 oozes
  2 adder zombies (D:3)
  2 worms
  2 leopard geckos (D:1)
  4 orcs (D:3)
  A giant cockroach (D:1)
  15 goblins
  7 hobgoblins
  4 jackals (D:2)
  A ball python (D:1)
  3 bats
  A frilled lizard (D:2)
  5 kobolds
  A leopard gecko skeleton (D:3)
  2 rats (D:1)
62 creatures vanquished.

Vanquished Creatures (others)
  A withered plant (D:3)
1 creature vanquished.

Grand Total: 63 creatures vanquished

Notes
Turn   | Place    | Note
-------+----------+-------------------------------------------
     0 | D:1      | Mattiprrivan the Demigod Ice Elementalist began the quest
                  | for the Orb.
     0 | D:1      | Reached XP level 1. HP: 14/14 MP: 5/5
   614 | D:1      | Reached XP level 2. HP: 13/20 MP: 7/7
   684 | D:1      | Reached skill level 4 in Ice Magic
   751 | D:1      | HP: 1/20 [hobgoblin/+0 club (6)]
  1587 | D:2      | Found a shimmering altar of Xom.
  1599 | D:2      | Reached XP level 3. HP: 22/27 MP: 5/8
  1821 | D:2      | Learned a level 3 spell: Frozen Ramparts
  1952 | D:2      | Found a shadowy altar of Dithmenos.
  2169 | D:2      | HP: 1/27 [gnoll/+0 spear (8)]
  2517 | D:2      | Noticed Sigmund
  2527 | D:2      | Reached XP level 4. HP: 19/34 MP: 9/9
  2530 | D:2      | Killed Sigmund
  2531 | D:2      | Reached skill level 1 in Fighting
  2531 | D:2      | Reached skill level 1 in Axes
  2531 | D:2      | Reached skill level 1 in Polearms
  2531 | D:2      | Reached skill level 1 in Armour
  2531 | D:2      | Reached XP level 5. HP: 10/40 MP: 11/11
  3158 | D:2      | Noticed Robin
  3164 | D:2      | Killed Robin
  3587 | D:3      | Reached skill level 1 in Maces & Flails
  3593 | D:3      | Learned a level 4 spell: Summon Ice Beast
  3701 | D:3      | Reached XP level 6. HP: 44/47 MP: 12/12
  3713 | D:3      | Noticed Jessica
  3743 | D:3      | HP: 2/47 [Jessica/puff of flame (7)]
  3744 | D:3      | Slain by Jessica

Illustrated notes

Levels and vault maps discovered:
D:1:      psy_arrival_statuary, layout_basic
D:2:      layout_basic, nicolae_dithmenos_through_a_glass_darkly,
          overflow_temple_1_default, uniq_sigmund, uniq_robin
D:3:      cheibrodos_greedy_goblins, layout_basic, serial_undead,
          serial_undead_e, serial_undead_e, serial_undead_c, serial_undead_b,
          uniq_jessica, uniq_natasha, uniq_grinder

Skill      XL: |  1  2  3  4  5 |
---------------+----------------+-----
Ice Magic      | 4 |  4.4
Stealth        | 2 |  2.7
Dodging        | 2 |  2.3
Spellcasting   | 2 |  2.3
Fighting       | 1 |  1.3
Axes           | 1 |  1.6
Polearms       | 1 |  1.5
Armour         | 1 |  1.9
Maces & Flails | 1 |  1.0
Staves         | |  0.1

Action                   |  1- 3 |  4- 6 || total
-------------------------+-------+-------++-------
Melee: Hand axe          |    75 |       ||    75
       Halberd           |     5 |     4 ||     9
       Scythe            |       |    51 ||    51
 Cast: Freeze            |     7 |       ||     7
       Frozen Ramparts   |     3 |     5 ||     8
  Use: Scroll            |    10 |     2 ||    12
       Potion            |     4 |     1 ||     5
 Stab: Sleeping          |     6 |     1 ||     7
Armor: Robe              |     9 |       ||     9
       Leather armour    |    12 |     8 ||    20
Dodge: Dodged            |    66 |    34 ||   100
